 Dungeon Crawl Stone Soup version 0.28.0 (webtiles) character file.

Game seed: 11157692801877501665

48526 freelancePsychic the Thaumaturge (level 14, -4/110 HPs)
             Began as a Djinni Cinder Acolyte on Feb 4, 2022.
             Was a Priest of Ignis.
             Slain by an ice dragon (9 damage)
             ... on level 5 of the Lair of Beasts.
             The game lasted 00:33:46 (21091 turns).

freelancePsychic the Thaumaturge (DjCA)            Turns: 21091, Time: 00:33:46

Health: -4/110     AC: 17    Str: 16    XL:     14   Next: 87%
Gold:   604        EV: 16    Int: 20    God:    Ignis [***...] SH:  0 Dex: 13

rFire   + + +      SeeInvis +   a - +1 long sword of Lorumij {vorpal, rElec rC++ Str+3 Dex+3}
rCold   + . .      Faith    .   (no shield)
rNeg    . . .      Spirit   .   D - +2 troll leather armour
rPois   ∞          Reflect  .   c - +2 helmet
rElec   +          Harm     .   n - +2 cloak {Will+}
rCorr   .          Rampage  .   d - +0 pair of gloves
Will    ++...                   (boots unavailable)
Stlth   +.........              (no amulet)
HPRegen 1.08/turn               t - +4 ring of protection
MPRegen 0.00/turn               o - ring of see invisible

@: flying
A: sickness immunity, fire resistance 2, cold vulnerability 1, float, innate
caster, HP casting, extra vitality 1
a: Renounce Religion, Fiery Armour, Foxfire Swarm


You were on level 5 of the Lair of Beasts.
You worshipped Ignis.
Ignis was most pleased with you.
You visited 2 branches of the dungeon, and saw 17 of its levels.

You collected 1104 gold pieces.
You spent 500 gold pieces at shops.

Inventory:

Hand Weapons
 a - the +1 long sword of Lorumij (weapon) {vorpal, rElec rC++ Str+3 Dex+3}
   (You found it on level 7 of the Dungeon)

   It inflicts extra damage upon your enemies.
   Str:       It affects your strength (+3).
   Dex:       It affects your dexterity (+3).
   rC:        It greatly protects you from cold.
   rElec:     It insulates you from electricity.
 b - a +0 dagger of venom
 y - the +4 demon whip of Olligg {vamp, rC++}
   (You bought it in a shop on level 8 of the Dungeon)

   It occasionally heals its wielder for a portion of the damage dealt when it
   wounds a living foe.
   rC:        It greatly protects you from cold.
Missiles
 p - a throwing net
Armour
 c - a +2 helmet (worn)
 d - a +0 pair of gloves (worn)
 l - a +0 robe
 n - a +2 cloak of willpower (worn)
 D - a +2 troll leather armour (worn)
 J - an orb of guile
Jewellery
 o - a ring of see invisible (right hand)
 t - a +4 ring of protection (left hand)
 E - the necklace of Bloodlust {*Rage Will++ Int-3 Slay+6}
   (You found it on level 9 of the Dungeon)

   [amulet of nothing]

   It extends the wearer's berserk rage when killing foes.
   Int:       It affects your intelligence (-3).
   Slay:      It affects your accuracy & damage with ranged weapons and melee
   (+6).
   *Rage:     It berserks you when you make melee attacks (+50% chance).
   Will:      It greatly increases your willpower.
Wands
 r - a wand of acid (30)
 u - a wand of iceblast (43)
 B - a wand of flame (3)
 C - a wand of paralysis (7)
 H - a wand of charming (4)
 K - a wand of digging (3)
Scrolls
 e - 4 scrolls of teleportation {@r4}
 m - a scroll of summoning
 q - a scroll of brand weapon
 s - 3 scrolls of holy word
 v - a scroll of enchant weapon
 w - a scroll of vulnerability
 x - a scroll of identify {@r1}
 I - a scroll of magic mapping
 L - a scroll of blinking {unknown}
 M - a scroll of fear
Potions
 f - 5 potions of curing {@q1}
 g - 3 potions of mutation {unknown}
 h - 2 potions of heal wounds {unknown}
 i - 4 potions of might {unknown}
 j - a potion of ambrosia {unknown}
 k - 2 potions of haste {unknown}
 z - 2 potions of attraction {unknown}
 A - 2 potions of degeneration {unknown}
 F - a potion of berserk rage {unknown}
 G - 2 potions of invisibility {unknown}
 N - a potion of lignification {unknown}


   Skills:
 + Level 13.0 Fighting
 - Level 7.8 Short Blades
 + Level 10.5 Dodging
 * Level 13.9 Spellcasting


You had 20 spell levels left.
You knew the following spells:

 Your Spells              Type           Power      Damage    Failure   Level
a - Airstrike             Air            31%        N/A       1%          4
b - Scorch                Fire           100%       2d10      1%          2
c - Vampiric Draining     Necr           63%        2d10      1%          3
d - Corpse Rot            Necr/Air       100%       N/A       1%          2
e - Fireball              Conj/Fire      31%        3d13      1%          5
f - Slow                  Hex            100%       N/A       1%          1
g - Ignite Poison         Fire/Tmut/Pois 63%        N/A       1%          3
Your spell library was empty.

Dungeon Overview and Level Annotations

Branches:
Dungeon (12/15)            Temple (0/1) D:4            Lair (5/6) D:8
  Swamp (0/4) Lair:4        Snake (0/4) Lair:3        Slime (0/5) Lair:5
    Orc (0/2) D:11

Altars:
Elyvilon
Kikubaaqudgha
Qazlal
Sif Muna
Uskayaw
Xom

Shops:
D:8 (

Portals:
Ice
Cave: Lair:5

Annotations:
Lair:1 3 runed translucent doors, ProzacElf's ghost, journeyman TrWz; Sammaje's ghost, novice MiBe; oldriver's ghost, journeyman PaWr


Innate Abilities, Weirdness & Mutations

You are immune to sickness and miasma.
You are immune to poison.
Your flesh is very heat resistant. (rF++)
You are vulnerable to cold. (rC-)
You float through the air rather than walking.
You learn spells naturally, not from books.
Your magical power is your life essence.
You have superior vitality. (+4 MHP)


Message History

The fireball explodes!
The fireball engulfs the ice dragon but does no damage.
The ice dragon is heavily wounded.
* * * LOW HITPOINT WARNING * * *
You hear a trumpeting!
Casting: Fireball (mildly dangerous; 1% risk of failure)
Confirm with . or Enter, or press ? or * to list all spells.
Aiming: Fireball (mildly dangerous; 1% risk of failure)
Press: ? - help, Shift-Dir - straight line, f/p - ice dragon
Aim: an ice dragon (moderately wounded, catching its breath, more vulnerable to fire)
The fireball explodes!
The fireball engulfs the ice dragon!!
The ice dragon is burned terribly!
The ice dragon is severely wounded.
* * * LOW HITPOINT WARNING * * *
You hear a bellow!
Casting: Fireball (mildly dangerous; 1% risk of failure)
Confirm with . or Enter, or press ? or * to list all spells.
Aiming: Fireball (mildly dangerous; 1% risk of failure)
Press: ? - help, Shift-Dir - straight line, p - ice dragon The fireball explodes!
The fireball engulfs the ice dragon!!
The ice dragon is burned terribly!
The ice dragon is almost dead.
* * * LOW HITPOINT WARNING * * *
You hear a trumpeting!
The ice dragon is no longer more vulnerable to fire.
The ice dragon bites you but does no damage.
The ice dragon misses you. The ice dragon closely misses you.
You hear a trumpeting! x2
Casting: Fireball (mildly dangerous; 1% risk of failure)
Confirm with . or Enter, or press ? or * to list all spells.
Aiming: Fireball (mildly dangerous; 1% risk of failure)
Press: ? - help, Shift-Dir - straight line The fireball explodes!
The fireball engulfs the ice dragon.
The ice dragon is burned terribly!
The ice dragon is almost dead.
* * * LOW HITPOINT WARNING * * *
The ice dragon bites you but does no damage.
The ice dragon claws you but does no damage.
The ice dragon tramples you!
You die...

*,,,,,**,,,,,,,+,,**,,,,,,*#.....
,,,,,,*,,,,,,,,,,,**#.,,,###..#..
*********,,,,**,,###.#****.###...
************#####..#****,..#....
**,,,*,* #####P.##..#**,,,#(#....
*,,,,,,**#.##.......#*∩,,,#.#....
*,,∩....h†#.#.......#**,###.#....
*,,..D#.####...†....##*##........
**,,,*#** ##..D@....###.........
***********#..†.................
*******,,,,*#†..##........#.....†
,,,,,**,,,,#...P####.....###..#.>
,,,,*,,,,.P......,,#....#..##....
,,,,,**,................^.......8
,,,,**,....#......#...........#.#
*,,,***....#P......#.....#...####
,,,***,...,P..#.P.......#....#***


You could see an ice dragon.

Vanquished Creatures
  5 hydras
  Erica (D:10)
  3 two-headed ogres
  A centaur warrior (D:8)
  Sonja (D:10)
  3 deep trolls (D:9)
  A bog body (Lair:4)
  Pikel (D:7)
  2 ugly things
  A cyclops (D:11)
  15 elephants
  7 black mambas
  A gargoyle (D:10)
  2 torpor snails
  15 cane toads
  6 komodo dragons
  2 rime drakes
  An unseen horror (D:10)
  3 polar bears (Lair:5)
  3 hornets
  2 trolls
  30 blink frogs
  6 dream sheep
  3 shadows
  2 wraiths
  38 yaks
  2 wyverns
  3 basilisks
  A steam dragon (D:8)
  Menkaure (D:7)
  2 nagas (Lair:3)
  3 swamp worms (Lair:4)
  3 acid dragons
  12 water moccasins
  An ice beast (D:5)
  4 orc warriors
  A hornet zombie (D:8)
  2 black bears
  21 wolves
  A necrophage (D:5)
  An ogre (D:5)
  2 lemures (D:7)
  A phantom (D:6)
  5 centaurs
  3 kobold brigands
  3 gnoll sergeants
  4 bullfrogs
  A wyvern zombie (D:7)
  A water moccasin zombie (D:5)
  2 scorpions
  A water moccasin skeleton (D:5)
  18 wights
  An electric eel (Lair:4)
  2 centaur zombies (D:8)
  A jelly (D:4)
  A bullfrog skeleton (D:5)
  4 hounds (D:5)
  A centaur skeleton (D:6)
  7 orc priests
  2 gnoll shamans
  2 iguanas
  7 orc wizards
  5 hell rats (Lair:1)
  2 howler monkey zombies (D:8)
  17 gnolls
  8 adders
  A shadow imp (D:8)
  A white imp (D:6)
  2 ufetubi
  An adder skeleton (D:4)
  A worm (D:3)
  4 dart slugs
  23 orcs
  9 ball pythons
  9 bats
  5 endoplasms
  6 giant cockroaches
  11 goblins
  6 hobgoblins
  3 jackals (D:1)
  16 kobolds
  2 quokkas
  6 frilled lizards
  5 rats
425 creatures vanquished.

Vanquished Creatures (others)
  65 foxfires
  27 fungi
  49 plants
  4 withered plants (Lair:1)
145 creatures vanquished.

Grand Total: 570 creatures vanquished

Notes
Turn   | Place    | Note
-------+----------+-------------------------------------------
     0 | D:1      | freelancePsychic the Djinni Cinder Acolyte began the quest
                  | for the Orb.
     0 | D:1      | Reached XP level 1. HP: 20/20 MP: 0/0
   316 | D:1      | Reached XP level 2. HP: 25/25 MP: 0/0
   539 | D:1      | Reached XP level 3. HP: 21/30 MP: 0/0
   539 | D:1      | Learned a level 1 spell: Slow
  1188 | D:1      | Reached skill level 1 in Dodging
  1581 | D:2      | Reached XP level 4. HP: 21/35 MP: 0/0
  2884 | D:3      | Reached XP level 5. HP: 39/41 MP: 0/0
  2884 | D:3      | Learned a level 2 spell: Corpse Rot
  3416 | D:4      | Found a staircase to the Ecumenical Temple.
  3561 | D:4      | Reached XP level 6. HP: 20/47 MP: 0/0
  3818 | D:4      | Found a shimmering altar of Xom.
  3820 | D:4      | Found a hide-covered altar of Uskayaw.
  4146 | D:4      | Found a stormy altar of Qazlal.
  4146 | D:4      | Noticed a water elemental
  4164 | D:4      | Noticed an air elemental
  4164 | D:4      | Noticed a fire elemental
  4527 | D:5      | Entered Level 5 of the Dungeon
  4792 | D:5      | Reached XP level 7. HP: 24/53 MP: 0/0
  4792 | D:5      | Learned a level 3 spell: Ignite Poison
  5453 | D:5      | Reached skill level 5 in Fighting
  5453 | D:5      | Reached skill level 5 in Spellcasting
  5595 | D:5      | Reached XP level 8. HP: 37/59 MP: 0/0
  7637 | D:6      | Reached XP level 9. HP: 11/66 MP: 0/0
  7637 | D:6      | Learned a level 3 spell: Vampiric Draining
  7663 | D:7      | Found a white marble altar of Elyvilon.
  8018 | D:7      | Noticed Menkaure
  8027 | D:7      | Killed Menkaure
  8032 | D:7      | Identified the +1 long sword of Lorumij {vorpal, rElec rC++
                  | Str+3 Dex+3}
  8774 | D:7      | Reached skill level 5 in Short Blades
  9514 | D:7      | Noticed Pikel
  9523 | D:7      | Killed Pikel
  9762 | D:8      | Noticed a hornet
  9765 | D:8      | Reached XP level 10. HP: 48/75 MP: 0/0
  9993 | D:8      | Noticed an elephant
 10010 | D:8      | Killed an elephant
 10244 | D:8      | Noticed a six-headed hydra
 10616 | D:8      | Found Wian's Antique Weapon Boutique.
 10661 | D:8      | Noticed a two-headed ogre
 10669 | D:8      | Noticed a green ugly thing
 10682 | D:8      | Killed a green ugly thing
 10697 | D:8      | Killed a two-headed ogre
 10698 | D:8      | Reached XP level 11. HP: 31/82 MP: 0/0
 10698 | D:8      | Learned a level 4 spell: Airstrike
 10980 | D:8      | Found a staircase to the Lair.
 11144 | D:8      | Noticed a centaur warrior
 11753 | D:8      | Killed a centaur warrior
 12279 | D:8      | Killed a six-headed hydra
 13175 | D:9      | Reached skill level 10 in Spellcasting
 13501 | D:9      | Noticed a deep troll
 13501 | D:9      | Noticed a deep troll
 13501 | D:9      | Noticed a deep troll
 13546 | D:9      | Killed a deep troll
 13691 | D:9      | Killed a deep troll
 13863 | D:9      | Killed a deep troll
 13864 | D:9      | Reached XP level 12. HP: 75/91 MP: 0/0
 13955 | D:9      | Found the necklace of Bloodlust {*Rage Will++ Int-3 Slay+6}
 14222 | D:10     | Entered Level 10 of the Dungeon
 14256 | D:10     | Noticed Erica
 14262 | D:10     | Killed Erica
 14340 | D:10     | Noticed Sonja
 14343 | D:10     | Killed Sonja
 14344 | D:10     | Reached skill level 10 in Fighting
 14436 | D:10     | Noticed a two-headed ogre
 14442 | D:10     | Killed a two-headed ogre
 14443 | D:10     | Reached skill level 5 in Dodging
 15271 | D:11     | Found a staircase to the Orcish Mines.
 15303 | D:11     | Noticed a four-headed hydra
 15314 | D:11     | Killed a four-headed hydra
 15618 | D:8      | Bought a brightly glowing demon whip for 500 gold pieces
 15618 | D:8      | Identified the +4 demon whip of Olligg {vamp, rC++} (You
                  | bought it in a shop on level 8 of the Dungeon)
 16015 | D:11     | Noticed a two-headed ogre
 16019 | D:11     | Killed a two-headed ogre
 16402 | Lair:1   | Entered Level 1 of the Lair of Beasts
 16663 | Lair:1   | Found a runed translucent gate.
 16663 | Lair:1   | Found a runed translucent gate.
 16663 | Lair:1   | Found a runed translucent gate.
 16668 | Lair:1   | Noticed ProzacElf's ghost (journeyman TrWz)
 16668 | Lair:1   | Noticed Sammaje's ghost (novice MiBe)
 16668 | Lair:1   | Noticed oldriver's ghost (journeyman PaWr)
 16728 | Lair:1   | Reached XP level 13. HP: 85/98 MP: 0/0
 16728 | Lair:1   | Learned a level 5 spell: Fireball
 16807 | Lair:1   | Noticed a six-headed hydra
 16811 | Lair:1   | Killed a six-headed hydra
 18839 | Lair:3   | Found a staircase to the Snake Pit.
 19123 | Lair:3   | Found a shimmering altar of Xom.
 19272 | Lair:4   | Reached XP level 14. HP: 63/107 MP: 0/0
 20502 | Lair:4   | Found a staircase to the Swamp.
 20556 | Lair:4   | Reached skill level 10 in Dodging
 21053 | Lair:5   | Found a frozen archway.
 21091 | Lair:5   | Slain by an ice dragon

Illustrated notes

Levels and vault maps discovered:
D:1:      giann_bridges, layout_rooms
D:2:      layout_loops_ring
D:3:      layout_rooms, minmay_cupped
D:4:      layout_cave_pods, nicolae_qazlal_style_of_elements,
          grunt_temple_overflow_open, minmay_temple_entry_large_hall,
          nrook_uturn
D:5:      layout_layer_cave, small_statue_intersection,
          kennysheep_generic_room_2
D:6:      layout_rooms
D:7:      layout_basic, elyvilon_altar_5, roderic_lattice_a, uniq_pikel,
          uniq_menkaure
D:8:      minmay_bloctagon, layout_loops_ring, lemuel_coloured_pillars_altar,
          david_lair_generic, serial_shops, kennysheep_mini_moat
D:9:      layout_loops_ring, hellmonk_guarded_unrand_vitality_bloodlust
D:10:     layout_stronghold, uniq_sonja, uniq_erica
D:11:     layout_gridville, orc_0_dummy
D:12:     layout_roguey, lightli_church_of_beogh
Lair:1:   layout_cave_pods, gammafunk_ghost_cemetery
Lair:2:   layout_big_grid, serial_forest, infiniplex_forest_clump_C,
          infiniplex_forest_clump_curved, infiniplex_forest_end_2,
          infiniplex_forest_clump_medium, infiniplex_forest_corner_1,
          infiniplex_forest_lined_1, grunt_megastairs_3
Lair:3:   layout_roguey, guppyfry_snake_entry_island, basic_altar
Lair:4:   layout_misc_corridors, nicolae_swamp_entry_splash_gauntlet
Lair:5:   layout_regular_city, dpeg_slime_entry_corner, enter_volcano_3,
          portal_ice_cave_entry_animals_and_master, infiniplex_staircase_pool_2,
          grunt_megastairs_5

Skill      XL: |  1  2  3  4  5  6  7  8  9 10 11 12 13 14 |
---------------+-------------------------------------------+-----
Spellcasting   | 3 4 5 6 7 9 10 11 12 13 | 13.9
Dodging        | 1 2 3 4 6 9 10 | 10.5
Fighting       | 4 5 6 7 8 9 10 12 13 | 13.0
Short Blades   | 3 4 5 7 |  7.8

Action                   |  1- 3 |  4- 6 |  7- 9 | 10-12 | 13-15 || total
-------------------------+-------+-------+-------+-------+-------++-------
Melee: Short sword       |    23 |       |       |       |       ||    23
       Dagger            |       |       |    43 |    40 |       ||    83
       Punch             |       |       |     1 |     1 |       ||     2
       Long sword        |       |       |       |       |    26 ||    26
 Cast: Scorch            |    40 |    87 |   104 |    24 |    32 ||   287
       Ignite Poison     |       |       |    13 |     6 |       ||    19
       Vampiric Draining |       |       |    22 |   110 |     5 ||   137
       Slow              |       |       |       |     3 |       ||     3
       Airstrike         |       |       |       |   176 |    23 ||   199
       Fireball          |       |       |       |       |   268 ||   268
Invok: Foxfire Swarm     |       |     1 |     2 |       |     1 ||     4
       Rising Flame      |       |       |       |       |     1 ||     1
  Use: Scroll            |     1 |       |     5 |    11 |     3 ||    20
Armor: Robe              |    11 |    16 |    37 |    19 |       ||    83
       Acid dragon scale |       |       |       |    44 |       ||    44
       Troll leather arm |       |       |       |    11 |    76 ||    87
Dodge: Dodged            |    20 |    20 |    73 |   104 |   128 ||   345
